 Seeded DCSS version 0.29.1-1-gd02db6906a (webtiles) character file.

Game seed: 9687159573984885388 (custom seed)

10578 Iusername the Carver (level 11, -1/97 HPs)
             Began as a Minotaur Fighter on Sept 19, 2022.
             Was a Priest of Dithmenos.
             Slain by a yak (5 damage)
             ... on level 11 of the Dungeon.
             The game lasted 00:18:53 (11003 turns).

Iusername the Carver (Minotaur Fighter)            Turns: 11003, Time: 00:18:53

Health: -1/97      AC: 10    Str: 30    XL:     11   Next: 38%
Magic:  10/10      EV: 19    Int:  5    God:    Dithmenos [***...]
Gold:   541        SH:  7    Dex: 10    Spells: 10/10 levels left

rFire   . . .      SeeInvis .   a - +2 long sword
rCold   . . .      Faith    .   c - +2 buckler
rNeg    . . .      Spirit   .   b - +0 scale mail
rPois   .          Reflect  .   (helmet restricted)
rElec   .          Harm     .   (no cloak)
rCorr   .          Rampage  +   (no gloves)
Will    .....                   i - +0 pair of boots
Stlth   ..........              p - amulet "Wefafoim" {Rampage Regen+ Str+5 Slay+3 Stlth-}
HPRegen 1.06/turn               l - +4 ring of evasion
MPRegen 0.12/turn               G - +4 ring of evasion

@: spiked, wreathed by umbra
A: horns 2, retaliatory headbutt
a: Renounce Religion, Shadow Step


You were on level 11 of the Dungeon.
You worshipped Dithmenos.
Dithmenos was most pleased with you.
You visited 2 branches of the dungeon, and saw 12 of its levels.

You collected 541 gold pieces.

Inventory:

Hand Weapons
 a - a +2 long sword (weapon)
Missiles
 y - 5 javelins
 M - 3 throwing nets
Armour
 b - a +0 scale mail (worn)
 c - a +2 buckler (worn)
 i - a +0 pair of boots (worn)
Jewellery
 d - a ring of ice
 l - a +4 ring of evasion (left hand)
 p - the amulet "Wefafoim" (around neck) {Rampage Regen+ Str+5 Slay+3 Stlth-}
   (You acquired it on level 2 of the Dungeon)

   [amulet of regeneration]

   Str:       It affects your strength (+5).
   Slay:      It affects your accuracy & damage with ranged weapons and melee
   (+3).
   Regen:     It increases your rate of health regeneration.
   Rampage:   It bestows one free step when moving towards enemies.
   Stlth:     It makes you less stealthy.
 s - a ring of resist corrosion
 G - a +4 ring of evasion (right hand)
Wands
 n - a wand of flame (12) (quivered)
 r - a wand of digging (5)
 u - a wand of acid (2)
 B - a wand of paralysis (7)
Scrolls
 g - 2 scrolls of magic mapping
 h - 2 scrolls of fear {unknown}
 j - 11 scrolls of teleportation
 m - 3 scrolls of noise
 t - 3 scrolls of blinking
 v - 2 scrolls of poison
 w - a scroll of immolation
 x - a scroll of silence
 F - 2 scrolls of amnesia
 H - a scroll of brand weapon {unknown}
 J - 2 scrolls of enchant armour
 L - 2 scrolls of vulnerability {unknown}
 N - a scroll of butterflies {unknown}
Potions
 e - 4 potions of degeneration {unknown}
 f - 5 potions of curing
 k - 2 potions of attraction {unknown}
 o - 4 potions of lignification {unknown}
 q - a potion of invisibility {unknown}
 A - 2 potions of ambrosia {unknown}
 C - a potion of mutation {unknown}
 D - a potion of haste {unknown}
 E - a potion of experience {unknown}
 K - a potion of flight {unknown}


   Skills:
 + Level 9.0 Fighting
 + Level 13.2 Long Blades
 + Level 1.0 Throwing
 + Level 11.2 Armour
 + Level 5.1 Dodging
 + Level 3.3 Stealth
 + Level 7.2 Shields
 + Level 3.2 Evocations


You had 10 spell levels left.
You didn't know any spells.
Your spell library contained the following spells:

 Spells                   Type           Power      Damage    Failure   Level
 Freeze                   Ice            0%         1d3       77%         1
 Sandblast                Erth           0%         2d4       77%         1
 Sting                    Tmut/Pois      0%         1d3       77%         1
 Ensorcelled Hibernation  Hex/Ice        0%         N/A       88%         2
 Passwall                 Tmut/Erth      0%         N/A       88%         2
 Scorch                   Fire           0%         2d5       88%         2
 Frozen Ramparts          Ice            0%         1d1       98%         3
 Ozocubu's Armour         Ice            0%         N/A       98%         3
 Spider Form              Tmut/Pois      0%         N/A       98%         3
 Stone Arrow              Conj/Erth      0%         3d7       98%         3
 Anguish                  Hex/Necr       0%         N/A       100%        4
 Hailstorm                Conj/Ice       0%         3d3       100%        4
 Irradiate                Conj/Tmut      0%         3d11      100%        5
 Ozocubu's Refrigeration  Ice            0%         4d7       100%        7


Dungeon Overview and Level Annotations

Branches:
Dungeon (11/15)            Temple (1/1) D:5            Lair (0/5) D:11
    Orc: D:9-12

Altars:
Ashenzari
Cheibriados
Dithmenos
Elyvilon
Fedhas
Gozag
Hepliaklqana
Kikubaaqudgha
Makhleb
Nemelex Xobeh
Okawaru
Qazlal
Ru
Sif Muna
Uskayaw
Vehumet
Wu Jian
Xom
Yredelemnul
Zin
The Shining One

Shops:
D:2 *   D:6 *   D:10 [

Annotations:
D:11 3 runed translucent doors, LustLizard's ghost, journeyman TrFi


Innate Abilities, Weirdness & Mutations

You have a pair of horns on your head.
You reflexively headbutt those who attack you in melee.


Message History

You feel much better. The yak misses you. The yak completely misses you.
The basilisk bites you. The yak completely misses you. You furiously retaliate!
You headbutt the yak. The yak misses you.
You hit the basilisk but do no damage. The yak barely misses you.
You furiously retaliate!
You headbutt the yak! You block the yak's attack.
The basilisk closely misses you. You block the yak's attack.
The yak barely misses you.
You slash the basilisk!
The basilisk is heavily wounded.
The yak gores you. The yak completely misses you. You furiously retaliate!
You headbutt the yak! The basilisk bites you. The yak closely misses you.
The yak gores you!
You closely miss the basilisk. Your headbutt misses the basilisk.
The basilisk is heavily wounded.
The yak gores you but does no damage. The yak misses you.
You furiously retaliate!
You headbutt the yak! The yak misses you. You furiously retaliate!
You headbutt the yak. The basilisk bites you! The yak gores you.
You hit the basilisk.
The basilisk is severely wounded.
You block the yak's attack. The yak barely misses you. You furiously retaliate!
You headbutt the yak!
You kill the yak!
Dithmenos accepts your kill. You block the basilisk's attack.
You block the yak's attack. The yak misses you. You furiously retaliate!
You headbutt the yak, but do no damage.
Your Fighting skill increases to level 9!
You barely miss the basilisk.
The basilisk is severely wounded.
You hit the basilisk. Your headbutt misses the basilisk.
The basilisk is severely wounded.
You block the manticore's attack. x2; The manticore claws you!
* * * LOW HITPOINT WARNING * * *
The yak gores you!
* * * LOW HITPOINT WARNING * * *
The basilisk bites you!
* * * LOW HITPOINT WARNING * * *
The yak gores you.
You die...

,,**,,,,,,,,,,,♣........#........
****+***,....P..........#########
,,,,,,,,*.....P.......,..#####...
*,,,**,,,......PP....###.#...#.##
*,,,,,,,,......PPP.♣P....#...'.#
*,,,,,,,,....>.P..P.♣..†.'...#.##
,,,,,,,,,..P..P.....♣.††.#####...
,,,,**,,,..P...YYY..†.†...#..####
,,,,+,,,,......l@.........#......
,,,,*,,,,...P..H..........#......
***,*,,,,...♣P..PP.######.#...>..
,,,,*,,,*.................+.###'#
,,,,*,,,**#......###+######.#....
*+***,,,,,#....$..,,,,,#....#....
,,,**,,,,,#.##..#.,,,,,#.........
,,,**,,,,,#.*#..*.,,,,,+##+++##..
,,,**,,,,,*,*#..*,,,,,,##....W##.


You could see a manticore, 3 yaks and a basilisk.

Vanquished Creatures
  2 two-headed ogres
  Pikel (D:5)
  A manticore (D:11)
  2 trolls
  14 yaks
  2 wraiths
  A human (D:10)
  2 water elementals (D:11)
  3 wyverns
  4 hogs (D:10)
  3 steam dragons
  Edmund (D:5)
  An acid dragon (D:10)
  2 water moccasins (D:11)
  3 ice beasts
  6 orc warriors
  A black bear (D:6)
  4 centaurs
  2 lemures (D:5)
  2 phantoms (D:5)
  3 bullfrogs
  3 gnoll sergeants
  3 scorpions
  A necrophage (D:8)
  4 killer bees (D:9)
  2 electric eels (D:11)
  A jelly (D:4)
  4 hounds
  10 orc priests
  6 iguanas
  3 iron imps (D:3)
  Jessica (D:3)
  Natasha (thrice) (D:3)
  10 orc wizards
  18 gnolls
  5 adders
  3 worms
  46 orcs
  4 endoplasms
  3 giant cockroaches
  12 hobgoblins
  2 quokkas
  6 ball pythons
  3 bats (D:1)
  2 frilled lizards (D:3)
  8 goblins
  3 kobolds
  5 rats
231 creatures vanquished.

Vanquished Creatures (others)
  A human (D:8)
  5 fungi
  17 plants
23 creatures vanquished.

Grand Total: 254 creatures vanquished

Notes
Turn   | Place    | Note
-------+----------+-------------------------------------------
     0 | D:1      | Iusername the Minotaur Fighter began the quest for the Orb.
     0 | D:1      | Reached XP level 1. HP: 19/19 MP: 0/0
   295 | D:1      | Reached XP level 2. HP: 23/26 MP: 1/1
   897 | D:2      | Identified the +1 robe "Bylimo Roma" {rCorr}
   968 | D:2      | Found Sainitien's Assorted Antiques.
  1022 | D:2      | Reached skill level 3 in Long Blades
  1051 | D:2      | Reached XP level 3. HP: 33/33 MP: 2/2
  1053 | D:2      | Got Sif Muna's Atlas of the Reformed Pyre
  1313 | D:2      | Identified a scroll of acquirement
  1313 | D:2      | Acquired the amulet "Wefafoim" {Rampage Regen+ Str+5 Slay+3
                  | Stlth-}
  1420 | D:3      | Noticed Jessica
  1459 | D:3      | Reached XP level 4. HP: 24/40 MP: 3/3
  1468 | D:3      | Killed Jessica
  1469 | D:3      | Reached skill level 4 in Long Blades
  1708 | D:3      | Reached XP level 5. HP: 38/46 MP: 4/4
  1713 | D:3      | Found a burning altar of Makhleb.
  1729 | D:3      | Reached skill level 1 in Dodging
  1729 | D:3      | Reached skill level 1 in Stealth
  1814 | D:3      | Noticed Natasha
  1827 | D:3      | Killed Natasha
  1828 | D:3      | Reached skill level 5 in Armour
  2087 | D:3      | Reached XP level 6. HP: 40/53 MP: 5/5
  2156 | D:3      | Noticed Natasha
  2164 | D:3      | Killed Natasha
  2165 | D:3      | Reached skill level 5 in Long Blades
  2179 | D:3      | Noticed Natasha
  2185 | D:3      | Killed Natasha
  2198 | D:3      | Found a faded altar of an unknown god.
  2804 | D:4      | Found a hide-covered altar of Uskayaw.
  2809 | D:4      | Found an opulent altar of Gozag.
  2984 | D:4      | Found a glowing silver altar of Zin.
  3152 | D:4      | You fall into a shaft and drop 3 floors!
  3192 | D:6      | Found Wiap's General Store.
  3204 | D:6      | Reached XP level 7. HP: 58/60 MP: 6/6
  3206 | D:6      | Reached skill level 5 in Fighting
  3261 | D:6      | Reached skill level 6 in Long Blades
  3378 | D:5      | Entered Level 5 of the Dungeon
  3413 | D:5      | Noticed Pikel
  3435 | D:5      | Killed Pikel
  3436 | D:5      | Reached skill level 7 in Long Blades
  3436 | D:5      | Reached XP level 8. HP: 21/69 MP: 7/7
  3738 | D:5      | Noticed Edmund
  3752 | D:5      | Killed Edmund
  3753 | D:5      | Reached skill level 5 in Shields
  3956 | D:5      | Found a staircase to the Ecumenical Temple.
  3997 | D:5      | Reached skill level 8 in Long Blades
  4090 | Temple   | Entered the Ecumenical Temple
  4133 | Temple   | Became a worshipper of Dithmenos the Shadowed
  4665 | D:5      | Found a hazy altar of Hepliaklqana.
  5233 | D:6      | Reached XP level 9. HP: 76/77 MP: 8/8
  5464 | D:7      | Reached skill level 9 in Long Blades
  5878 | D:7      | Found a snail-covered altar of Cheibriados.
  6042 | D:8      | Reached * piety under Dithmenos
  6385 | D:8      | Reached skill level 10 in Long Blades
  6922 | D:8      | Found an ancient bone altar of Kikubaaqudgha.
  7000 | D:8      | Reached skill level 1 in Evocations
  7134 | D:8      | Found a sparkling altar of Nemelex Xobeh.
  7287 | D:8      | Identified the amulet "Limnidolug" {RegenMP Str+6}
  7412 | D:8      | Found a stormy altar of Qazlal.
  7742 | D:9      | Found a broken altar of Ashenzari.
  7771 | D:9      | Reached skill level 11 in Long Blades
  7771 | D:9      | Reached XP level 10. HP: 70/86 MP: 9/9
  7793 | D:9      | Reached skill level 10 in Armour
  8298 | D:9      | Reached ** piety under Dithmenos
  8624 | D:9      | Reached skill level 12 in Long Blades
  8891 | D:10     | Entered Level 10 of the Dungeon
  8894 | D:10     | Noticed a two-headed ogre
  8914 | D:9      | Killed a two-headed ogre
  9254 | D:10     | Found Mannakuz's Armour Shoppe.
  9379 | D:10     | Noticed a two-headed ogre
  9394 | D:10     | Killed a two-headed ogre
  9395 | D:10     | Reached XP level 11. HP: 58/95 MP: 10/10
 10313 | D:10     | Reached skill level 1 in Throwing
 10797 | D:11     | Reached skill level 13 in Long Blades
 10799 | D:11     | Reached skill level 5 in Dodging
 10848 | D:11     | Found a runed translucent gate.
 10848 | D:11     | Found a runed translucent gate.
 10848 | D:11     | Found a runed translucent gate.
 10850 | D:11     | Noticed LustLizard's ghost (journeyman TrFi)
 10851 | D:11     | Noticed an 11-headed hydra
 10976 | D:11     | Reached *** piety under Dithmenos
 10982 | D:11     | Found a staircase to the Lair.
 11003 | D:11     | HP: 4/97 [basilisk (7)]
 11003 | D:11     | Slain by a yak

Illustrated notes

Levels and vault maps discovered:
D:1:      dpeg_arrival_boxorama, layout_rooms
D:2:      layout_basic, serial_shops, nicolae_shop_waterfront,
          palyth_stone_intersect, kennysheep_boxes
D:3:      layout_basic, demons_altar, shapermc_ecumenical_altar_mp_ritualfount,
          uniq_jessica, uniq_natasha
D:4:      layout_loops_corners, mainiacjoe_overflow_tiny_flanked,
          mainiacjoe_overflow_large_starburst, lemuel_crystal_altar,
          kennysheep_generic_room_3
D:5:      layout_cave_pods, marbit_many_paths, minmay_temple_entry_slanted,
          nicolae_kite_square_tiling_tiny, kennysheep_generic_room_12,
          uniq_pikel, uniq_edmund
D:6:      layout_basic, serial_shops, nicolae_shop_advertising_works
          [nicolae_subvault_shop_adworks]
D:7:      layout_gridville, cheibrodos_worm_habitat
D:8:      layout_basic, tgw_kikubaaqudgha, nemelex_spade_bored_becter,
          general_overflow_altar
D:9:      layout_irregular_city, mainiacjoe_overflow_cross_hatched
D:10:     layout_layer_cave, serial_shops, shop, grunt_livestock
D:11:     layout_stronghold, minmay_lair_entry_grove, serial_bayou,
          serial_bayou_shore_a, serial_bayou_pond_b, serial_bayou_lagoon_b,
          serial_bayou_pond_b, gammafunk_ghost_hydra_chop
Temple:   nicolae_temple_ecumenical_triangle

Skill      XL: |  1  2  3  4  5  6  7  8  9 10 11 |
---------------+----------------------------------+-----
Shields        | 4 5 6 7 |  7.2
Armour         | 4 5 6 7 8 9 10 11 | 11.2
Long Blades    | 3 4 5 7 8 11 12 13 | 13.2
Fighting       | 4 5 6 7 8 9 |  9.0
Dodging        | 1 2 3 4 5 |  5.1
Stealth        | 1 2 3 |  3.3
Evocations     | 1 2 3 |  3.2
Throwing       | 1 |  1.0

Action                   |  1- 3 |  4- 6 |  7- 9 | 10-12 || total
-------------------------+-------+-------+-------+-------++-------
Melee: Long sword        |    99 |   100 |   293 |   191 ||   683
       Headbutt          |    12 |    16 |    75 |    39 ||   142
Throw: Javelin           |       |       |       |     3 ||     3
Evoke: Wand              |       |       |    18 |    28 ||    46
  Use: Scroll            |     1 |       |    11 |     3 ||    15
       Potion            |       |     1 |       |     4 ||     5
 Stab: Paralysed         |       |       |       |     3 ||     3
Armor: Scale mail        |    53 |    40 |   118 |    48 ||   259
Dodge: Dodged            |    49 |    50 |   115 |   161 ||   375
Block: Buckler           |    28 |    28 |    57 |    72 ||   185
